 Dungeon Crawl Stone Soup version 0.18-a0-1285-g60d00e1 (webtiles) character file.

65 ololoev the Magician (level 3, -5/19 HPs)
             Began as a Deep Elf Fire Elementalist on Feb 8, 2016.
             Killed by divine providence
             ... invoked by an orc priest
              (12 damage)
             ... on level 5 of the Dungeon.
             The game lasted 00:03:08 (430 turns).

ololoev the Magician (Deep Elf Fire Elementalist)    Turns: 430, Time: 00:03:08

Health: -5/19      AC:  2    Str:  2 (5)  XL:     3   Next: 94%
Magic:  10/10      EV: 18    Int: 18 (20) God:
Gold:   81         SH:  0    Dex: 18 (20) Spells: 3 memorised, 2 levels left

rFire  . . .     SeeInvis .     (no weapon)
rCold  . . .     Gourm    .     a - +0 robe
rNeg   . . .     Faith    .     (no shield)
rPois  .         Spirit   .     (no helmet)
rElec  .         Dismiss  .     (no cloak)
rCorr  .         Reflect  .     (no gloves)
SustAt .         Harm     .     (no boots)
MR     .....                    (no amulet)
Stlth  +++.......               (no ring)
                                (no ring)

@: agile, not resistant to hostile enchantments, fairly stealthy
A: no striking features
a: no special abilities

Inventory:

Armour
 a - a +0 robe (worn)
Scrolls
 d - 3 scrolls of noise {unknown}
 e - a scroll of immolation {unknown}
 g - a scroll of identify {unknown}
Potions
 j - a potion of magic
Books
 b - a book of Flames

   Spells                             Type                      Level
   a - Flame Tongue                   Conjuration/Fire             1
   b - Throw Flame                    Conjuration/Fire             2
   c - Conjure Flame                  Conjuration/Fire             3
   d - Inner Flame                    Hexes/Fire                   3
   e - Sticky Flame                   Conjuration/Fire             4
   f - Fireball                       Conjuration/Fire             5
Comestibles
 c - a bread ration
 f - a beef jerky


   Skills:
 - Level 2.4 Dodging
 - Level 2.4 Stealth
 + Level 3.8 Spellcasting
 * Level 3.1 Conjurations
 + Level 3.8 Fire Magic


You had 2 spell levels left.
You knew the following spells:

 Your Spells              Type           Power        Failure   Level  Hunger
a - Flame Tongue          Conj/Fire      ###..        4%          1    None
b - Conjure Flame         Conj/Fire      ###.....     14%         3    ###....
e - Inner Flame           Hex/Fire       ##......     24%         3    ###....


You were on level 5 of the Dungeon.
You were not hungry.

You visited 1 branch of the dungeon, and saw 5 of its levels.

You collected 81 gold pieces.

##.....##.....##
........%......###
..)...............
................#
................###.
...........)....#...
.o.................# ..
.>...............# ##.#
...$.o..o)@....#.##...
############...#.#..###
#............
#......#.....
##.#.........
#....##.....
##..........
###..##......
#.###...#####

Notes
Turn   | Place    | Note
--------------------------------------------------------------
     0 | D:1      | ololoev the Deep Elf Fire Elementalist began the quest for the Orb.
     0 | D:1      | Reached XP level 1. HP: 10/10 MP: 6/6
   210 | D:2      | Reached XP level 2. HP: 15/15 MP: 2/8
   260 | D:4      | Reached XP level 3. HP: 19/19 MP: 5/10
   265 | D:4      | Learned a level 3 spell: Conjure Flame
   269 | D:4      | Learned a level 3 spell: Inner Flame
   343 | D:5      | Entered Level 5 of the Dungeon
   378 | D:5      | Found a basalt altar of Yredelemnul.
   379 | D:5      | Found a burning altar of Makhleb.
   430 | D:5      | Killed from afar by an orc priest

Dungeon Overview and Level Annotations

Branches:
Dungeon (5/15)
 Temple: D:4-7

Altars:
Makhleb
Yredelemnul


Message History

Found a mace.
j - 2 sedimented pink potions
Found a dagger.
Found a bread ration.
Found 15 gold pieces.
Found a mace.
You see here a dagger.
An orc priest comes into view. It is wielding a hand axe.
Found a stone staircase leading down.
Casting: Flame Tongue
Confirm with . or Enter, or press ? or * to list all spells.
You can't see any susceptible monsters within range! (Use Z to cast anyway.)
The orc priest calls down the wrath of Beogh upon you.
Something smites you!
Ouch! That really hurt!
Casting: Flame Tongue
Confirm with . or Enter, or press ? or * to list all spells.
You can't see any susceptible monsters within range! (Use Z to cast anyway.) Drink which item? (? for menu, Esc to quit)
It was a potion of degeneration.
There was something very wrong with that liquid.
You feel weakened.
You feel dopey.
You feel clumsy.
An orc priest comes into view. It is wielding a flail.
Drink which item? (? for menu, Esc to quit)
It was a potion of magic.
Magic courses through your body.
The orc priest shouts!
An orc priest comes into view.
It is wielding a short sword of freezing.
Drink which item? (? for menu, Esc to quit)
It was a potion of agility.
You feel agile all of a sudden.
An orc comes into view. It is wielding a short sword.
You see here a dagger.
Press: ? - help, v - describe, . - travel
Here: an orc priest, wielding a short sword of freezing (hasn't noticed you)
The floor.
Unknown command.
The orc priest calls down the wrath of Beogh upon you.
Something smites you!
Ouch! That really hurt!
You die...

You could see 2 orc priests.

Vanquished Creatures
  A hound (D:4)
  A worker ant (D:4)
  A worm (D:4)
  3 giant cockroaches
  A hobgoblin (D:1)
  A giant newt (D:2)
  3 kobolds
11 creatures vanquished.

Action                   || total
-------------------------++-------
Melee: Unarmed           ||     1
 Cast: Flame Tongue      ||    26
  Use: Potion            ||     3
 Stab: Sleeping          ||     1

Vault maps used:
D:1:      co_arrival_random_square_maze, serial_co_window_serial,
          co_window_paths_a, co_window_paths_b, co_window_paths_a,
          co_window_paths_a, co_window_paths_a, co_window_2corner,
          co_window_corner_b, co_window_corner_b, co_window_corner_cb,
          co_window_broadway_a, co_window_corner_ca, co_window_4corner_a,
          glass_columns_c, glass_columns_c, glass_columns_c
D:2:      lemuel_coloured_pillars_altar, minmay_vboxes
D:3:      corexii_shack_village
D:4:      kennysheep_mini_moat, minmay_temple_entry_large_hall, serial_shops,
          nicolae_shop_waterfront, kennysheep_flooded_box,
          nicolae_zen_rock_garden, kennysheep_cross_room, minmay_three_crescents
D:5:      kennysheep_windowed_halls, gammafunk_temple_overflow_pools,
          first_bread, uniq_blork_the_orc, uniq_edmund
